 Dungeon Crawl Stone Soup version 0.31-a0-210-gccc998df9b (webtiles) character file.

Game seed: 18058135889625931197

1577 qw the Skirmisher (level 8, -6/71 HPs)
             Began as a Minotaur Hexslinger on June 30, 2023.
             Was an Initiate of Okawaru.
             Killed from afar by an electric eel (17 damage)
             ... with a bolt of electricity
             ... on level 7 of the Dungeon.
             The game lasted 00:02:21 (6157 turns).

qw the Skirmisher (Minotaur Hexslinger)             Turns: 6157, Time: 00:02:21

Health: -6/71      AC:  7    Str: 12    XL:     8   Next: 60%
Magic:  8/8        EV: 13    Int: 10    God:    Okawaru [......]
Gold:   184        SH:  5    Dex: 16    Spells: 8/9 levels left

rFire   + . .        Y - +0 orcbow
rCold   . . .        (shield currently unavailable)
rNeg    . . .        p - +2 leather armour {rPois}
rPois   +            (helmet restricted)
rElec   .            g - +0 cloak
rCorr   .            m - +0 pair of gloves
SInv    +            (no boots)
Will    .....        n - amulet of reflection
Stlth   +            o - ring of see invisible
HPRegen 0.31/turn    k - ring of protection from fire
MPRegen 0.11/turn

%: reflection
@: about to teleport
A: horns 2, retaliatory headbutt
a: Renounce Religion


You were on level 7 of the Dungeon.
You worshipped Okawaru.
Okawaru was noncommittal.
You visited 2 branches of the dungeon, and saw 8 of its levels.
You also visited: Sewer.

You collected 324 gold pieces.
You spent 140 gold pieces at shops.


Innate Abilities, Weirdness & Mutations

You have a pair of horns on your head.
You reflexively headbutt those who attack you in melee.


   Skills:
 - Level 6.4 Fighting
 - Level 10.0 Ranged Weapons
 - Level 2.0 Armour
 + Level 3.4 Dodging
 - Level 1.0 Spellcasting
 - Level 2.0 Hexes


You had 8 spell levels left.
You knew the following spells:

 Your Spells              Type           Power      Damage    Failure   Level
a - Slow                  Hex            16%        N/A       19%         1

Your spell library contained the following spells:

 Spells                   Type           Power      Damage    Failure   Level
 Inner Flame              Hex/Fire       2%         N/A       65%         3
 Portal Projectile        Hex/Tloc       4%         N/A       65%         3
 Cause Fear               Hex            2%         N/A       88%         4

Inventory:

Hand Weapons
 Y - a +0 orcbow (weapon)
Armour
 g - a +0 cloak (worn)
 m - a +0 pair of gloves (worn)
 p - a +2 leather armour of poison resistance (worn)
 r - a +0 ring mail of willpower
 u - a +0 pair of boots
 v - the +2 leather armour of Syndicalism {Str+3}
   (You found it on level 7 of the Dungeon)

   Str:       It affects your strength (+3).
Jewellery
 k - a ring of protection from fire (right hand)
 n - an amulet of reflection (around neck)
 o - a ring of see invisible (left hand)
 q - a ring of positive energy
 s - a ring of protection from cold
Scrolls
 a - 3 scrolls of teleportation
 e - a scroll of identify
Potions
 b - 3 potions of enlightenment
 c - a potion of heal wounds
 d - 2 potions of might
 f - a potion of resistance
 h - a potion of haste {unknown}
 i - 4 potions of curing
 j - a potion of ambrosia {unknown}
 l - a potion of cancellation {unknown}
 t - a potion of degeneration {unknown}

Dungeon Overview and Level Annotations

Branches:
Dungeon (7/15)             Temple (1/1) D:5           Sewer (visited)

Altars:
Ashenzari
Dithmenos
Elyvilon
Gozag
Hepliaklqana
Kikubaaqudgha
Makhleb
Nemelex Xobeh
Okawaru
Qazlal
Ru
Sif Muna
Uskayaw
Vehumet
Wu Jian
Zin
The Shining One

Shops:
D:1 [   D:3 :[(   D:6 =

Annotations:
D:3 1 runed translucent door, Crazy Yiuf


Message History

The bolt of electricity hits you!
You shoot an arrow.
The arrow barely misses the water moccasin.
The water moccasin bites you. The water moccasin closely misses you.
You furiously retaliate!
You headbutt the water moccasin. You shoot an arrow.
The arrow hits the water moccasin.
You kill the water moccasin!
Okawaru accepts your kill.
Your Ranged Weapons skill increases to level 10!
You shoot an arrow. The arrow misses the electric eel.
You shoot an arrow.
The arrow barely misses the electric eel.
6151 ||| FLEEEEING.
You shoot an arrow. The arrow misses the electric eel.
An electric eel comes into view.
You shoot an arrow. The arrow misses the electric eel.
The electric eel shoots out a bolt of lightning at you!
The bolt of electricity hits you.
The electric eel shoots out a bolt of lightning at you!
The bolt of electricity hits you!
You shoot an arrow.
The arrow completely misses the electric eel.
The electric eel shoots out a bolt of lightning at you!
The bolt of electricity hits you!
The electric eel shoots out a bolt of lightning at you!
The bolt of electricity hits you!
You shoot an arrow.
The arrow closely misses the electric eel.
You shoot an arrow.
The arrow closely misses the electric eel.
The electric eel shoots out a bolt of lightning at you!
The bolt of electricity hits you!
The electric eel shoots out a bolt of lightning at you!
The bolt of electricity misses you.
6157 ||| READING 4 scrolls of teleportation.
As you read the scroll of teleportation, it crumbles to dust.
You feel strangely unstable.
The electric eel shoots out a bolt of lightning at you!
The bolt of electricity hits you!
You die...

#......## #......##
#......##
###......##
#######...#####.'
#.......### #.'
##.#####.# ### #..#
#.# # #@## #.# #
#.# #.# # #%..#
#.## ...#..# #..#
.........~S.....#
.........~S~~~~~..#
........S~S~~~~~..#
.....~~~~~~~~~~~~~#
######~~~~~~~~~####


You could see 3 electric eels.

Vanquished Creatures
  Sigmund (D:2)
  2 water moccasins
  Duvessa (D:5)
  2 ice beasts
  A black bear (D:7)
  A centaur (D:5)
  A kobold brigand (D:7)
  A scorpion (D:6)
  Dowan (D:5)
  A howler monkey (D:5)
  4 hounds
  2 jellies
  Ijyb (D:5)
  Jessica (D:2)
  Natasha (twice) (D:3)
  Robin (D:2)
  9 adders
  A white imp (D:3)
  A worm (D:4)
  3 dart slugs
  9 orcs
  5 bats
  8 endoplasms
  9 giant cockroaches
  14 goblins
  9 hobgoblins
  6 jackals
  4 kobolds
  2 quokkas
  9 ball pythons
  8 frilled lizards
  3 goblin zombies (D:3)
  2 hobgoblin zombies (D:3)
  2 kobold skeletons (D:3)
  An orc zombie (D:3)
  5 rats
133 creatures vanquished.

Notes
Turn   | Place    | Note
-------+----------+-------------------------------------------
     0 | D:1      | qw the Minotaur Hexslinger began the quest for the Orb.
     0 | D:1      | Reached XP level 1. HP: 16/16 MP: 1/1
     0 | D:1      | 0 ||| qw: Version: 0.3-a-24-ga2abf7b
     0 | D:1      | 0 ||| qw: Game counter: 7124
     0 | D:1      | 0 ||| qw: Melee chars always use a shield: true
     0 | D:1      | 0 ||| qw: God list: Okawaru
     0 | D:1      | 0 ||| qw: Allow faded altars: false
     0 | D:1      | 0 ||| qw: Do Orc after clearing Dungeon:15 true
     0 | D:1      | 0 ||| qw: Do second Lair branch before Depths: true
     0 | D:1      | 0 ||| qw: Lair rune preference: random
     0 | D:1      | 0 ||| qw: Goals: Normal
     0 | D:1      | 0 ||| PLANNING D:1-11
    79 | D:1      | Reached skill level 3 in Ranged Weapons
    79 | D:1      | Reached XP level 2. HP: 17/23 MP: 2/2
   159 | D:1      | Found a faded altar of an unknown god.
   292 | D:1      | Found Uppu's Armour Boutique.
   304 | D:1      | 304 ||| SHOPLISTING +0 ring mail (52 gold, have 21).
   304 | D:1      | 304 ||| SHOPLISTING +2 robe of willpower (230 gold, have
                  | 21).
   417 | D:1      | Reached XP level 3. HP: 28/29 MP: 3/3
   464 | D:1      | 464 ||| UPGRADING to +0 leather armour.
   474 | D:1      | 474 ||| DROPPING +0 robe.
   475 | D:1      | 475 ||| UPGRADING to +0 pair of gloves.
   480 | D:1      | 480 ||| UPGRADING to +0 ring mail.
   490 | D:1      | 490 ||| DROPPING +0 leather armour.
   491 | D:1      | 491 ||| UPGRADING to ring of protection from fire.
   492 | D:1      | 492 ||| READING scroll labelled BASASO BIKLEA.
   493 | D:1      | 493 ||| READING 2 scrolls labelled XIRUIWUXTI.
   494 | D:1      | 494 ||| READING scroll labelled ZAH ZARAVAIPI.
   495 | D:1      | 495 ||| READING scroll labelled LIJOOJETWA.
   496 | D:1      | 496 ||| READING scroll labelled CECREZ JUWETT.
   497 | D:1      | 497 ||| DROPPING scroll of poison.
   641 | D:2      | 641 ||| READING scroll of enchant weapon.
   641 | D:2      | 641 ||| ENCHANTING +2 sling of freezing.
   725 | D:2      | Reached skill level 4 in Ranged Weapons
   754 | D:2      | Noticed Jessica
   759 | D:2      | Killed Jessica
   760 | D:2      | Reached XP level 4. HP: 36/36 MP: 4/4
   806 | D:2      | Found a white marble altar of Elyvilon.
  1019 | D:2      | Noticed Sigmund
  1026 | D:2      | Killed Sigmund
  1027 | D:2      | Reached skill level 6 in Ranged Weapons
  1027 | D:2      | Reached XP level 5. HP: 18/41 MP: 5/5
  1316 | D:2      | Noticed Robin
  1323 | D:2      | Killed Robin
  1497 | D:2      | 1497 ||| UPGRADING to ring of positive energy.
  1498 | D:2      | 1498 ||| READING 2 scrolls labelled ZICWIZY DOIQUC.
  1502 | D:2      | 1502 ||| DRINKING 2 orange potions.
  1503 | D:2      | 1503 ||| DRINKING 3 sapphire potions.
  1504 | D:2      | 1504 ||| DRINKING 2 inky potions.
  1505 | D:2      | 1505 ||| DROPPING potion of brilliance.
  1506 | D:2      | 1506 ||| DROPPING 2 potions of attraction.
  1558 | D:3      | Reached XP level 6. HP: 50/50 MP: 6/6
  1671 | D:3      | Found a glowing golden altar of the Shining One.
  1672 | D:3      | 1672 ||| FLEEEEING.
  1673 | D:3      | 1673 ||| FLEEEEING.
  1674 | D:3      | 1674 ||| FLEEEEING.
  1675 | D:3      | 1675 ||| FLEEEEING.
  1676 | D:3      | 1676 ||| FLEEEEING.
  1677 | D:3      | 1677 ||| FLEEEEING.
  1678 | D:3      | 1678 ||| FLEEEEING.
  1679 | D:3      | 1679 ||| FLEEEEING.
  1680 | D:3      | 1680 ||| FLEEEEING.
  1681 | D:3      | 1681 ||| FLEEEEING.
  1682 | D:3      | 1682 ||| FLEEEEING.
  1683 | D:3      | 1683 ||| FLEEEEING.
  1685 | D:3      | 1685 ||| FLEEEEING.
  1780 | D:3      | Found Heefahaj's Antique Weapon Emporium.
  1804 | D:3      | Noticed Natasha
  1805 | D:3      | 1805 ||| Stepping ~*~*~tactically~*~*~ (outnumbered).
  1807 | D:3      | 1807 ||| Stepping ~*~*~tactically~*~*~ (outnumbered).
  1815 | D:3      | Killed Natasha
  1816 | D:3      | Reached skill level 3 in Fighting
  1875 | D:3      | Noticed Natasha
  1879 | D:3      | Killed Natasha
  1984 | D:3      | Found a hide-covered altar of Uskayaw.
  1996 | D:3      | Found Hadofr Umof's Book Shoppe.
  2088 | D:3      | 2088 ||| Stepping ~*~*~tactically~*~*~ (outnumbered).
  2183 | D:3      | Found Qerhingeme's Antique Armour Emporium.
  2188 | D:3      | 2188 ||| BUYING dyed leather armour (140 gold).
  2188 | D:3      | Bought a dyed leather armour for 140 gold pieces
  2188 | D:3      | 2188 ||| SHOPLISTING pair of runed boots (210 gold, have
                  | 28).
  2188 | D:3      | 2188 ||| SHOPLISTING runed leather armour (140 gold, have
                  | 28).
  2237 | D:3      | Found a runed translucent door.
  2238 | D:3      | Noticed Crazy Yiuf
  2414 | D:3      | 2414 ||| UPGRADING to +2 leather armour of poison
                  | resistance.
  2424 | D:3      | 2424 ||| DROPPING +0 ring mail.
  2425 | D:3      | 2425 ||| READING scroll labelled FUEPLYSEVO.
  2426 | D:3      | 2426 ||| READING scroll labelled HIDE PEATAFE.
  2427 | D:3      | 2427 ||| DRINKING 2 murky ruby potions.
  2428 | D:3      | 2428 ||| DROPPING potion of invisibility.
  2463 | D:4      | 2463 ||| PLANNING SEWER
  2680 | D:4      | 2680 ||| READING scroll of enchant weapon.
  2680 | D:4      | 2680 ||| ENCHANTING +3 sling of freezing.
  2724 | D:4      | Found a glowing drain.
  2735 | D:4      | 2735 ||| READING scroll labelled JAITUY KIUXT.
  2736 | D:4      | 2736 ||| READING scroll labelled UCOILO VIZA.
  2737 | D:4      | 2737 ||| DRINKING 2 white potions.
  2738 | D:4      | 2738 ||| READING 2 scrolls of identify.
  2738 | D:4      | 2738 ||| IDENTIFYING sedimented emerald potion
  2755 | Sewer    | Entered a sewer
  2758 | Sewer    | 2758 ||| Stepping ~*~*~tactically~*~*~ (water).
  2787 | Sewer    | 2787 ||| Stepping ~*~*~tactically~*~*~ (water).
  2835 | Sewer    | 2835 ||| Stepping ~*~*~tactically~*~*~ (water).
  2844 | Sewer    | 2844 ||| Stepping ~*~*~tactically~*~*~ (water).
  2883 | Sewer    | 2883 ||| Stepping ~*~*~tactically~*~*~ (water).
  2980 | Sewer    | 2980 ||| UPGRADING to amulet of reflection.
  2985 | Sewer    | 2985 ||| DRINKING 2 viscous dark potions.
  3090 | Sewer    | 3090 ||| DROPPING potion of berserk rage.
  3095 | D:4      | 3095 ||| PLANNING D:1-11
  3166 | D:4      | 3166 ||| UPGRADING to +0 cloak.
  3171 | D:4      | 3171 ||| UPGRADING to ring of see invisible.
  3173 | D:4      | 3173 ||| UPGRADING to ring of protection from fire.
  3175 | D:4      | 3175 ||| READING 2 scrolls of identify.
  3175 | D:4      | 3175 ||| IDENTIFYING red potion
  3211 | D:5      | Entered Level 5 of the Dungeon
  3243 | D:5      | Reached skill level 7 in Ranged Weapons
  3248 | D:5      | Noticed Ijyb
  3262 | D:5      | Killed Ijyb
  3263 | D:5      | Reached XP level 7. HP: 58/59 MP: 7/7
  3384 | D:5      | Found a staircase to the Ecumenical Temple.
  3385 | D:5      | 3385 ||| PLANNING TEMPLE
  3398 | D:5      | 3398 ||| READING scroll labelled HEUNIZ DUHAAM.
  3408 | Temple   | Entered the Ecumenical Temple
  3607 | Temple   | 3607 ||| PLANNING D:1-11
  3698 | D:5      | Noticed Dowan
  3700 | D:5      | Noticed Duvessa
  3708 | D:5      | Killed Dowan
  3716 | D:5      | Killed Duvessa
  3717 | D:5      | Reached skill level 8 in Ranged Weapons
  4231 | D:5      | 4231 ||| SWAPPING to +0 orcbow.
  4232 | D:5      | 4232 ||| DROPPING +4 sling of freezing.
  4395 | D:5      | 4395 ||| READING scroll labelled LADDAWK LISAGA.
  4496 | D:5      | 4496 ||| READING 2 scrolls of identify.
  4496 | D:5      | 4496 ||| IDENTIFYING fuming sapphire potion
  4514 | D:6      | Found Neolac's Jewellery Shoppe.
  4517 | D:6      | 4517 ||| SHOPLISTING +5 ring of evasion (396 gold, have
                  | 133).
  4517 | D:6      | 4517 ||| SHOPLISTING ring of fire (275 gold, have 133).
  4517 | D:6      | 4517 ||| SHOPLISTING ring of positive energy (220 gold,
                  | have 133).
  4517 | D:6      | 4517 ||| SHOPLISTING ring of resist corrosion (220 gold,
                  | have 133).
  4517 | D:6      | 4517 ||| SHOPLISTING ring of the Kraken {rF+ Str+3 Slay+5}
                  | (652 gold, have 133).
  4517 | D:6      | 4517 ||| SHOPLISTING ring of willpower (275 gold, have
                  | 133).
  4562 | D:6      | HP: 15/61 [poisoned by a water moccasin]
  4563 | D:6      | 4563 ||| READING 3 scrolls of teleportation.
  4563 | D:6      | HP: 4/61 [orc/+0 mace (6)]
  4564 | D:6      | 4564 ||| DRINKING 2 potions of heal wounds.
  4830 | D:6      | Found a radiant altar of Vehumet.
  4853 | D:6      | Reached skill level 3 in Dodging
  4944 | D:6      | Reached XP level 8. HP: 68/68 MP: 8/8
  5081 | D:6      | Reached skill level 9 in Ranged Weapons
  5247 | D:6      | Found a sacrificial altar of Ru.
  5534 | D:7      | Found a glowing silver altar of Zin.
  5674 | D:7      | Found an iron altar of Okawaru.
  5675 | D:7      | 5675 ||| PLANNING OKAWARU WORSHIP
  5675 | D:7      | 5675 ||| READING scroll labelled YTAORI TOIG.
  5676 | D:7      | 5676 ||| DRINKING 2 green potions.
  5722 | D:7      | 5722 ||| DROPPING potion of lignification.
  5726 | D:7      | Became a worshipper of Warmaster Okawaru
  5727 | D:7      | 5727 ||| PLANNING D:1-11
  5889 | D:7      | Reached skill level 6 in Fighting
  5944 | D:7      | 5944 ||| FLEEEEING.
  5945 | D:7      | 5945 ||| FLEEEEING.
  5947 | D:7      | 5947 ||| FLEEEEING.
  5948 | D:7      | 5948 ||| FLEEEEING.
  5949 | D:7      | 5949 ||| FLEEEEING.
  6098 | D:7      | Identified the +2 leather armour of Syndicalism {Str+3}
  6149 | D:7      | Reached skill level 10 in Ranged Weapons
  6151 | D:7      | 6151 ||| FLEEEEING.
  6156 | D:7      | HP: 11/71 [electric eel/bolt of electricity (8)]
  6157 | D:7      | 6157 ||| READING 4 scrolls of teleportation.
  6157 | D:7      | Killed from afar by an electric eel

Levels and vault maps discovered:
D:1:      sevenhm_arrival_forest_fort_large_4, layout_rooms, serial_shops,
          nicolae_square_shop, basic_ecumenical_altar
D:2:      layout_basic, basic_altar, uniq_jessica, uniq_sigmund, uniq_robin
D:3:      layout_loops_ring, mainiacjoe_overflow_alcove_1,
          nicolae_tso_besieged_by_evil, serial_shops, shop, shop,
          nicolae_shop_behind_doors, minmay_crystal_water,
          uniq_crazy_yiuf_cottage, uniq_natasha
D:4:      layout_basic, gup_sewer_entry_glass
D:5:      layout_cave_pods, temple_pool_b, nicolae_goblin_pals, uniq_duvessa
D:6:      layout_gridville, nicolae_vehumet_radiance,
          mainiacjoe_overflow_cross_hatched, serial_shops,
          nicolae_shop_behind_doors
D:7:      statuecave_lemuel, layout_gridville, mainiacjoe_overflow_24_doors,
          slow_altar_2, zin_treasury, kennysheep_generic_room_4
Temple:   minmay_temple_curvy_loop

Skill      XL: |  1  2  3  4  5  6  7  8 |
---------------+-------------------------+-----
Ranged Weapons | 3 4 6 7 8 10 | 10.0
Fighting       | 2 4 5 6 |  6.4
Armour         | 2 |  2.0
Dodging        | 3 |  3.4
Spellcasting   | |  1.0
Hexes          | |  2.0

Action                     |  1- 3 |  4- 6 |  7- 9 || total
---------------------------+-------+-------+-------++-------
   Fire: Sling             |    80 |   182 |    58 ||   320
         Orcbow            |       |       |   129 ||   129
    Use: Scroll            |     6 |     8 |     6 ||    20
         Potion            |       |     6 |     2 ||     8
 Armour: Robe              |     3 |       |       ||     3
         Ring mail         |     4 |     8 |       ||    12
         Leather armour    |       |    12 |    27 ||    39
  Dodge: Dodged            |     8 |    37 |    68 ||   113
  Block: Other             |       |     1 |    30 ||    31

Table legend:
 A = Non-vault XP
 B = Vault XP
 C = Vault XP percentage of total XP
 D = Non-vault monster count
 E = Vault monster count
 F = Vault count percentage of total count
                 A         B        C        D         E       F
            +---------+---------+-------+---------+---------+-------
      Total |    1479 |     775 |  34.4 |      89 |      44 |  33.1
            +---------+---------+-------+---------+---------+-------
        D:1 |      43 |       0 |   0.0 |      24 |       0 |   0.0
        D:2 |      35 |     297 |  89.5 |      15 |      10 |  40.0
        D:3 |      75 |      53 |  41.4 |      15 |      10 |  40.0
        D:4 |      85 |       8 |   8.6 |      11 |       4 |  26.7
        D:5 |     193 |     268 |  58.1 |       6 |       9 |  60.0
        D:6 |     514 |       0 |   0.0 |       8 |       0 |   0.0
        D:7 |     534 |     100 |  15.8 |      10 |       1 |   9.1
      Sewer |       0 |      49 | 100.0 |       0 |      10 | 100.0
            +---------+---------+-------+---------+---------+-------
